 Dungeon Crawl Stone Soup version 0.27-a0-765-ge4d627daa3 (webtiles) character file.

Game seed: 4375380330354933179

22 dickylongcocking the Magician (level 2, -1/22 HPs)
             Began as a Djinni Arcane Marksman on Mar 25, 2021.
             Killed by Freeze
             ... generated by an endoplasm
              (6 damage)
             ... on level 1 of the Dungeon.
             The game lasted 00:00:58 (1876 turns).

dickylongcocking the Magician (DjAM)                Turns: 1876, Time: 00:00:58

Health: -1/22      AC:  3    Str:  9    XL:     2   Next: 91%
Gold:   64         EV: 12    Int: 14    God:
                   SH:  0    Dex: 13

rFire    + + .     SeeInvis .   f - +0 dagger
rCold    x . .     Faith    .   (no shield)
rNeg     . . .     Spirit   .   a - +0 robe
rPois    ∞         Reflect  .   h - +0 helmet
rElec    .         Harm     .   (no cloak)
rCorr    .         Rampage  .   (no gloves)
Will     .....                  (boots unavailable)
Stlth    +.........             (no amulet)
HPRegen  0.07/turn              (no ring)
MPRegen  0.00/turn              (no ring)

@: flying
A: fire resistance 2, cold vulnerability 1, float, innate caster, hp casting,
extra vitality 1
a: no special abilities


You were on level 1 of the Dungeon.
You visited 1 branch of the dungeon, and saw 1 of its levels.

You collected 64 gold pieces.

Inventory:

Hand Weapons
 f - a +0 dagger (weapon)
Missiles
 c - 5 javelins (quivered)
 d - 2 throwing nets
Armour
 a - a +0 robe (worn)
 h - a +0 helmet (worn)
Scrolls
 e - a scroll of identify {unknown}
 j - a scroll of enchant armour {unknown}
Potions
 b - a potion of lignification {unknown}
 g - a potion of heal wounds {unknown}
 i - a potion of ambrosia {unknown}


   Skills:
 - Level 1.0 Fighting
 * Level 1.6 Short Blades
 - Level 1.7 Throwing
 - Level 2.1 Dodging
 - Level 2.9 Spellcasting


You couldn't memorise any spells.
You knew the following spells:

 Your Spells              Type           Power      Damage    Failure   Level
a - Corona                Hex            11%        N/A       6%          1
b - Slow                  Hex            10%        N/A       10%         2
c - Inner Flame           Hex/Fire       10%        N/A       19%         3
d - Portal Projectile     Hex/Tloc       20%        N/A       19%         3
e - Cause Fear            Hex            5%         N/A       54%         4
f - Leda's Liquefaction   Hex/Erth       5%         N/A       54%         4
Your spell library was empty.

Dungeon Overview and Level Annotations

Branches:
Dungeon (1/15)

Altars:

Shops:
D:1 :


Innate Abilities, Weirdness & Mutations

You are immune to poison.
Your flesh is very heat resistant. (rF++)
You are vulnerable to cold. (rC-)
You float through the air rather than walking.
You learn spells naturally, not from books.
Your magical power is your life essence.
You have superior vitality. (+4 HP)


Message History

No target in view!
You see here a +0 leather armour.
You now have 64 gold pieces (gained 18).
j - a scroll labelled URPHYU RODIEQ No target in view!
Found 18 stones.
No target in view!
An endoplasm comes into view.
The endoplasm quivers.
An endoplasm is nearby!
An endoplasm is nearby!
An endoplasm is nearby!
You hit the endoplasm.
The endoplasm is lightly wounded.
The endoplasm barely misses you.
You hit the endoplasm.
The endoplasm is severely wounded.
You hit the endoplasm.
The endoplasm is almost dead.
The endoplasm freezes you.
You are frozen.
You barely miss the endoplasm.
The endoplasm is almost dead.
The endoplasm freezes you.
You are frozen.
You are too injured to fight recklessly!
An endoplasm is nearby!
You are too injured to fight recklessly!
An endoplasm is nearby!
You are too injured to fight recklessly!
You hit the endoplasm but do no damage.
The endoplasm is almost dead.
The endoplasm freezes you.
You are frozen.
* * * LOW HITPOINT WARNING * * *
You hit the endoplasm but do no damage.
The endoplasm is almost dead.
The endoplasm freezes you.
You are frozen.
You die...

#### .... ... #
#.########### ###.
#........(..#
...#####...@J..$.#
#.#...#...####....#
......#..## ...#
##...#####.....#
#............ ..#
#..# #.#..#####...
.# #..###.#..# #
##..##.....# #.
......#...# #.# ##


You could see an endoplasm.

Vanquished Creatures
  A dart slug (D:1)
  3 endoplasms (D:1)
  A giant cockroach (D:1)
  3 goblins (D:1)
  A hobgoblin (D:1)
  3 jackals (D:1)
  2 quokkas (D:1)
  2 rats (D:1)
16 creatures vanquished.

Notes
Turn   | Place    | Note
-------+----------+-------------------------------------------
     0 | D:1      | dickylongcocking the Djinni Arcane Marksman began the quest
                  | for the Orb.
     0 | D:1      | Reached XP level 1. HP: 17/17 MP: 0/0
   174 | D:1      | Found Neuran's Book Shop.
   422 | D:1      | Reached XP level 2. HP: 6/22 MP: 0/0
  1008 | D:1      | Reached skill level 1 in Short Blades
  1237 | D:1      | HP: 1/22 [endoplasm/Freeze (3)]
  1876 | D:1      | Killed from afar by an endoplasm

Illustrated notes

Levels and vault maps discovered:
D:1:      sevenhm_arrival_forest_fort_large_4, layout_loops_ring, serial_shops,
          nicolae_shop_crystal

Skill      XL: |  1  2 |
---------------+-------+-----
Short Blades   | 1 |  1.6
Fighting       | |  1.0
Throwing       | |  1.7
Dodging        | |  2.1
Spellcasting   | |  2.9

Action                   || total
-------------------------++-------
Melee: Dagger            ||   121
       Unarmed           ||     5
Throw: Javelin           ||    10
       Throwing net      ||     2
Armor: Robe              ||    24
Dodge: Dodged            ||    71

Table legend: (Time is in decaauts)
 A = Elapsed time spent in this place.
 B = Non-inter-level travel time spent in this place.
 C = Inter-level travel time spent in this place.
 D = Time resting spent in this place.
 E = Time spent auto-exploring this place.
 F = Levels seen in this place.
 G = Mean time per level.
                   A        B        C        D        E       F      G
               +--------+--------+--------+--------+--------+-----+--------+
         Total |   1873 |   1873 |      0 |    163 |   1501 |   1 | 1873.0 |
       Dungeon |   1873 |   1873 |      0 |    163 |   1501 |   1 | 1873.0 |
               +--------+--------+--------+--------+--------+-----+--------+

Top non-repeatable levels by time:
     D:1: 1873 daAuts
